 Dungeon Crawl Stone Soup version 0.30-a0-672-gc3a7216ad8 (webtiles) character file.

Game seed: 3701679194748312484

347 testman the Digger (level 6, -5/46 HPs)
             Began as a Demonspawn Wanderer on Jan 18, 2023.
             Was a Follower of Ashenzari.
             Slain by a two-headed ogre
             ... wielding a +0 giant club
              (16 damage)
             ... on level 4 of the Dungeon.
             The game lasted 00:12:15 (3708 turns).

testman the Digger (Demonspawn Wanderer)            Turns: 3708, Time: 00:12:16

Health: -5/46      AC:  6    Str: 10    XL:     6   Next: 33%
Magic:  8/9        EV: 11    Int: 15    God:    Ashenzari [*.....]
Gold:   157        SH:  0    Dex: 15    Spells: 6/9 levels left

rFire   . . .      SeeInvis .    m - +0 rapier
rCold   . . .      Faith    .    b - +0 buckler of Ashenzari's Seer {Comp, Elem} (curse)
rNeg    + . .      Spirit   .    d - +0 robe
rPois   .          Reflect  .    (no helmet)
rElec   .          Harm     .    (no cloak)
rCorr   .          Rampage  .    (no gloves)
Will    .....                    (no boots)
Stlth   +                        (no amulet)
HPRegen 0.27/turn                h - ring of positive energy
MPRegen 0.11/turn                k - ring "Manifest Entitlement" {AC+4, Range, Evo} (curse)

@: confused
A: demonic guardian 1, demonic touch 2
a: Renounce Religion, Shatter the Chains


You were on level 4 of the Dungeon.
You worshipped Ashenzari.
Ashenzari was aware of your devotion.
You visited 1 branch of the dungeon, and saw 4 of its levels.

You collected 157 gold pieces.

Inventory:

Hand Weapons
 a - a +0 short sword
 m - a +0 rapier (weapon)
 y - a +2 dagger of venom
Missiles
 s - 4 boomerangs
Armour
 b - the cursed +0 buckler of Ashenzari's Seer (worn) {Comp, Elem}

   It has a curse which improves the following skills: Companions: Summonings
   and Necromancy.
   Elements:  Fire Magic, Ice Magic, Air Magic and Earth Magic.
 d - a +0 robe (worn)
Jewellery
 h - a ring of positive energy (left hand)
 k - the cursed ring "Manifest Entitlement" (right hand) {AC+4, Range, Evo}
   (You found it on level 2 of the Dungeon)

   [ring of protection]

   AC:        It affects your AC (+4).
   It has a curse which improves the following skills: Ranged Combat: Ranged
   Weapons and Throwing.
   Evocations: Evocations.
 n - a +4 ring of slaying
Scrolls
 c - 3 scrolls of blinking
 f - 3 scrolls of teleportation
 g - a scroll of fog
 o - 2 scrolls of identify
 r - a scroll of fear
 v - a scroll of enchant armour
 w - a scroll of poison
Potions
 e - a potion of cancellation
 i - 2 potions of haste
 j - 3 potions of might
 l - a potion of degeneration
 p - a potion of curing
 q - a potion of attraction
 t - a potion of mutation
 u - a potion of heal wounds
 x - a potion of brilliance
 z - a potion of resistance
 A - a potion of ambrosia


   Skills:
 + Level 2.7 Fighting
 - Level 1.3 Short Blades
 - Level 1.0 Dodging
 - Level 1.0 Stealth
 + Level 2.8 Shields
 + Level 2.4 Spellcasting
 + Level 2.4(3.1) Necromancy
 + Level 1.9(2.6) Air Magic
 - Level 3.0(3.7) Earth Magic
 + Level 2.1 Poison Magic


You had 6 spell levels left.
You knew the following spells:

 Your Spells              Type           Power      Damage    Failure   Level
a - Sandblast             Erth           26%        2d8       6%          1
b - Cigotuvi's Dreadful   Necr/Pois/Air  18%        N/A       14%         2

Your spell library contained the following spells:

 Spells                   Type           Power      Damage    Failure   Level
 Necrotise                Necr           44%        1d6       8%          1
 Poisonous Vapours        Pois/Air       16%        N/A       16%         2
 Passwall                 Tmut/Erth      5%         N/A       21%         2
 Vampiric Draining        Necr           11%        2d6       22%         3
 Foxfire                  Conj/Fire      4%         2x1d4     28%         1
 Swiftness                Air            9%         N/A       28%         3
 Ensorcelled Hibernation  Hex/Ice        2%         N/A       38%         2
 Mephitic Cloud           Conj/Pois/Air  6%         N/A       41%         3
 Petrify                  Tmut/Erth      7%         N/A       78%         4
 Agony                    Necr           11%        N/A       91%         5
 Fireball                 Conj/Fire      0%         3d3       100%        5
 Starburst                Conj/Fire      0%         6d3       100%        6


Dungeon Overview and Level Annotations

Branches:
Dungeon (4/15)
 Temple: D:4-7

Altars:
Ashenzari


Innate Abilities, Weirdness & Mutations

A weak demonic guardian rushes to your aid.
Your touch may inflict irresistible damage on your foes.


Message History

You start memorising the spell.
You continue memorising. x2
You finish memorising.
Spell assigned to 'b'.
You climb downwards.
The two-headed ogre hits you with a +0 giant club!
A demonic guardian appears!
The two-headed ogre closely misses you.
There is a stone staircase leading up, spattered with blood here.
Aiming: Sandblast (safe; 6% risk of failure)
Press: ? - help, Q - select action, (/) - cycle Shift-Dir - straight line, f - two-headed ogre
Aim: a two-headed ogre, wielding two +0 giant clubs (ally target, 91% to hit)
The blast of sand hits the two-headed ogre.
The two-headed ogre is lightly wounded.
The two-headed ogre completely misses you.
The two-headed ogre misses you.
Aiming: Sandblast (safe; 6% risk of failure)
Press: ? - help, Q - select action, (/) - cycle Shift-Dir - straight line, f/p - two-headed ogre
Aim: a two-headed ogre, wielding two +0 giant clubs (lightly wounded, ally target, 91% to hit)
The blast of sand hits the two-headed ogre!
The two-headed ogre is lightly wounded.
The orc wizard gestures at you while chanting.
You resist with some effort.
Your shadow imp hits the two-headed ogre but does no damage.
You block the two-headed ogre's attack.
The two-headed ogre hits you with a +0 giant club!!
* * * LOW HITPOINT WARNING * * *
You aren't carrying any items that you can evoke.
The orc wizard gestures wildly while chanting.
The orc wizard flickers and vanishes!
Deactivating autopickup; reactivate with Ctrl-A.
Your shadow imp closely misses the two-headed ogre.
Casting: Sandblast (safe; 6% risk of failure)
Confirm with . or Enter, or press ? or * to list all spells.
Okay, then.
Your shadow imp gestures at the two-headed ogre.
The two-headed ogre writhes in agony!
You are confused.
Your shadow imp hits the two-headed ogre.
You're too confused to move!
You bump into the rock wall.
The two-headed ogre hits you with a +0 giant club!
You die...

####### #.....# .
###.###.# #. #...#
#.#
#..#.#####.#####.###
..................>#
#..###.....#######.#
...#..........#O@..#
.....#........5.####
.....#.....<....#
.............{#.####
...#.##............##
.....#.........<....#
.................##.#
#.##.............##.#
#.###..........(.##.#


You could see a two-headed ogre (ally target) and a friendly shadow imp
(summoned).

Vanquished Creatures
  A scorpion (D:4)
  A killer bee (D:3)
  A howler monkey (D:4)
  2 hounds
  An orc priest (D:3)
  3 adders
  3 dart slugs
  A worm (D:2)
  9 orcs (D:3)
  6 endoplasms
  4 giant cockroaches
  4 goblins
  2 hobgoblins
  11 jackals
  4 quokkas
  7 ball pythons
  3 bats (D:3)
  A frilled lizard (D:2)
  3 kobolds
  7 rats
74 creatures vanquished.

Notes
Turn   | Place    | Note
-------+----------+-------------------------------------------
     0 | D:1      | testman the Demonspawn Wanderer began the quest for the
                  | Orb.
     0 | D:1      | testman set off with the following items: a +0 short sword,
                  | a +0 buckler, a scroll of blinking, a +0 robe; and the
                  | following spell memorised: Sandblast; and the following
                  | spells available to memorise: Passwall, Petrify.
     0 | D:1      | Reached XP level 1. HP: 15/15 MP: 2/2
   229 | D:1      | Gained mutation: A weak demonic guardian rushes to your
                  | aid. [demonic ancestry]
   229 | D:1      | Reached XP level 2. HP: 14/21 MP: 3/3
  1102 | D:2      | Reached XP level 3. HP: 20/26 MP: 3/5
  1266 | D:2      | Reached skill level 3 in Earth Magic
  1532 | D:2      | Found a faded altar of an unknown god.
  1537 | D:2      | Prayed at the altar of an unknown god.
  1537 | D:2      | Became a worshipper of Ashenzari the Shackled
  1811 | D:3      | Reached skill level 1 in Necromancy
  1851 | D:3      | Reached skill level 1 in Poison Magic
  1880 | D:3      | Reached skill level 1 in Air Magic
  1943 | D:3      | Reached XP level 4. HP: 33/33 MP: 6/6
  2391 | D:3      | Gained mutation: Your touch may inflict minor irresistible
                  | damage on your foes. [demonic ancestry]
  2391 | D:3      | Reached XP level 5. HP: 12/38 MP: 0/8
  2508 | D:3      | Reached * piety under Ashenzari
  3092 | D:4      | Gained mutation: Your touch may inflict irresistible damage
                  | on your foes. [demonic ancestry]
  3092 | D:4      | Reached XP level 6. HP: 12/46 MP: 1/9
  3268 | D:4      | Noticed a two-headed ogre
  3376 | D:3      | HP: 1/46 [poisoned by a killer bee]
  3698 | D:3      | Learned a level 2 spell: Cigotuvi's Dreadful Rot
  3708 | D:4      | Slain by a two-headed ogre

Illustrated notes

Levels and vault maps discovered:
D:1:      minmay_arrival_four_loops, layout_basic
D:2:      layout_rooms, ebering_ecumenical_altar_petrified,
          mrwooster_statue_mirror
D:3:      layout_basic
D:4:      minmay_opposing_rooms, layout_basic, marbit_many_paths

Skill      XL: |  1  2  3  4  5 |
---------------+----------------+-----
Shields        | 2 |  2.8
Earth Magic    | 3 |  3.0
Necromancy     | 1 2 |  2.4
Poison Magic   | 1 2 |  2.1
Air Magic      | 1 |  1.9
Fighting       | 2 |  2.7
Spellcasting   | 2 |  2.4
Short Blades   | |  1.3
Dodging        | |  1.0
Stealth        | |  1.0

Action                   |  1- 3 |  4- 6 || total
-------------------------+-------+-------++-------
Melee: Short sword       |    76 |       ||    76
       Rapier            |    61 |    90 ||   151
 Cast: Sandblast         |    20 |    51 ||    71
Invok: Curse Item        |     1 |     1 ||     2
  Use: Potion            |       |     2 ||     2
 Stab: Sleeping          |     3 |     1 ||     4
Armor: Robe              |    44 |    51 ||    95
Dodge: Dodged            |    88 |    77 ||   165
Block: Buckler           |    27 |    36 ||    63

Table legend: (Time is in decaauts)
 A = Elapsed time spent in this place.
 B = Non-inter-level travel time spent in this place.
 C = Inter-level travel time spent in this place.
 D = Time resting spent in this place.
 E = Time spent auto-exploring this place.
 F = Levels seen in this place.
 G = Mean time per level.
                   A        B        C        D        E       F      G
               +--------+--------+--------+--------+--------+-----+--------+
         Total |   3771 |   3485 |    286 |    192 |   2545 |   4 |  942.8 |
       Dungeon |   3771 |   3485 |    286 |    192 |   2545 |   4 |  942.8 |
               +--------+--------+--------+--------+--------+-----+--------+

Top non-repeatable levels by time:
     D:3: 1662 daAuts
     D:1: 1058 daAuts
     D:2: 553 daAuts
     D:4: 497 daAuts
